Login

Chiefs vs Phantoms

Created - February 4, 2024 at 12:13

Goals
1 2 3 T
Chiefs 0 0 2 2
Phantoms 0 0 0 0
Shots
1 2 3 T
Chiefs 12 1 14 27
Phantoms 10 15 13 38

GoalsPenalties
1st period
No Goal
Miro Heiskanen (GLA) for Roughing (Minor) at 1:35
Brady Tkachuk (LIS) for Roughing (Minor) at 8:44
2nd period
No Goal
Reilly Smith (GLA) for Hooking (Minor) at 1:19
Jake Muzzin (GLA) for Tripping (Minor) at 16:00
3rd period
1. Chiefs , Leon Draisaitl 24 (Miro Heiskanen 18, Dave Hunt 30) at 4:46
2. Chiefs , Leon Draisaitl 25 (Ryan Nugent-Hopkins 16, Marc-Edouard Vlasic 12) at 12:59
Travis Hamonic (LIS) for Roughing (Minor) at 0:11
Ilya Lyubushkin (LIS) for Hooking (Minor) at 18:17
Goalie Stats
Stuart Skinner (GLA), 38 saves from 38 shots - (1.000), W, 26-14-5, 60:00 minutes
Pheonix Copley (LIS), 25 saves from 27 shots - (0.926), L, 13-11-4, 60:00 minutes
3 StarsOfficial
1 - Stuart Skinner (GLA)
2 - Leon Draisaitl (GLA)
3 - Ryan Nugent-Hopkins (GLA)
Referees : Unknown
Linesman : Unknown
Game Note
Max Domi is injured at 12:01 of 3rd period (Sprained Right Knee)
Finance
Level 1 -- Attendance: 4674 (77.90%) -- Ticket Income $467,400
Level 2 -- Attendance: 4918 (98.36%) -- Ticket Income $270,490
Level 3 -- Attendance: 1690 (84.50%) -- Ticket Income $59,150
Level 4 -- Attendance: 3041 (76.03%) -- Ticket Income $76,025
Luxury Box -- Attendance: 916 (91.60%) -- Ticket Income $206,100
Game was played at the Atlantic Pavillion.
Total Attendance: 15239 (84.66%)
Total Ticket Income: $1,079,165
Other Income: $431,666
Total Income: $1,510,831



Team Name Goals Shots Shots Attemp Shots Blocked PIM HIT PP PK FO%
Chiefs 22746126170 / 3 (0%)052%
Phantoms 0388436260 / 3 (0%)048%

Chiefs
Player Name POS G A P +/- PIM HIT SHT SB MP PP MP PP SHT PK MP PK SHT FO% FOT
Brad MarchandLW0000002016:000:0000:0000% 2
Brandon DavidsonD000000003:261:2002:0600% 0
Casey CizikasC0000000214:160:1600:27040% 10
Dave HuntLW/RW0112015018:492:2842:25050% 2
Drew DoughtyD0000010018:580:0000:1000% 0
Frank VatranoLW/RW0000010113:330:0000:0000% 1
Ivan ProvorovD0001000323:443:2402:5700% 0
Jake DeBruskLW/RW0000044019:123:1200:00033% 3
Jake MuzzinD0000220112:560:0000:0000% 0
Jesse PuljujarviRW000002008:562:0300:00029% 7
Jordan EberleRW000000107:260:0001:3900% 1
Leon DraisaitlC/LW2022007025:273:1523:22056% 32
Marc-Edouard VlasicD0112011023:013:1903:0400% 0
Max DomiC/LW/RW0000002016:061:5401:04067% 21
Miro HeiskanenD0111231316:412:1612:1400% 0
Reilly SmithRW0000202014:561:2420:000100% 1
Ryan Nugent-HopkinsC/LW0112011019:212:2802:570100% 1
Vincent DesharnaisD0000011221:121:0101:2300% 0
Phantoms
Player Name POS G A P +/- PIM HIT SHT SB MP PP MP PP SHT PK MP PK SHT FO% FOT
Alexis LafreniereLW/RW000001005:510:3900:0000% 1
Andrew MangiapaneLW/RW0000032016:120:0001:5200% 0
Brady TkachukLW0000265019:173:1500:52050% 4
Brayden PointC000-2009018:570:0000:00050% 24
Brian DumoulinD0000010015:030:4700:0000% 0
Devon ToewsD0000000120:192:5602:0700% 0
Dominik KubalikLW/RW0000004015:430:4700:000100% 1
Ilya LyubushkinD000021007:050:0000:5400% 0
Jared McCannC/LW0000031017:512:0701:29039% 23
Jesper BrattLW/RW000-2011019:402:4703:0800% 1
Kevin HayesC/LW/RW0000001017:422:3100:0000% 0
Matthew TkachukLW/RW000-2065025:022:4703:59060% 5
Michael AndersonD0000011014:560:0000:4000% 0
Scott MayfieldD0000011120:112:4802:0700% 0
Sebastian AhoC0000005018:042:5800:00055% 22
Todd HarknessD000-2021125:253:0103:3300% 0
Travis HamonicD000-2202016:592:2211:5900% 0
Vince DunnD000000000:000:0000:0000% 0

Chiefs

5 vs 5 Forward
Line #Left WingCenterRight WingPHYDFOFWanted %Time %Time Play
1Ryan Nugent-HopkinsLeon DraisaitlDave Hunt1223029%13:56
2Brad MarchandMax DomiJake DeBrusk1222833%16:00
3Frank VatranoCasey CizikasReilly Smith1222628%13:33
4Jesse PuljujarviLeon DraisaitlJordan Eberle1221610%4:54
5 vs 5 Defense
Line #DefenseDefensePHYDFOFWanted %Time %Time Play
1Jake MuzzinIvan Provorov1223027%12:57
2Marc-Edouard VlasicMiro Heiskanen1222825%12:12
3Vincent DesharnaisDrew Doughty1222639%18:48
4Marc-Edouard VlasicIvan Provorov122169%4:26
Power Play Forward
Line #Left WingCenterRight WingPHYDFOFWanted %Time %Time Play
1Ryan Nugent-HopkinsLeon DraisaitlDave Hunt1225544%2:28
2Leon DraisaitlMax DomiJake DeBrusk1224556%3:12
Power Play Defense
Line #DefenseDefensePHYDFOFWanted %Time %Time Play
1Marc-Edouard VlasicIvan Provorov1225560%3:24
2Marc-Edouard VlasicMiro Heiskanen1224540%2:16
Penalty Kill 4 Players Forward
Line #CenterWingPHYDFOFWanted %Time %Time Play
1Leon DraisaitlRyan Nugent-Hopkins1225564%3:50
2Dave HuntLeon Draisaitl1224536%2:07
Penalty Kill 4 Players Defense
Line #DefenseDefensePHYDFOFWanted %Time %Time Play
1Marc-Edouard VlasicIvan Provorov1225539%2:20
2Marc-Edouard VlasicMiro Heiskanen1224561%3:37
Penalty Kill 3 Players
Line #WingPHYDFOFWanted %Time %Time PlayDefenseDefensePHYDFOFWanted %Time %Time Play
1Leon Draisaitl122550%0:00 Marc-Edouard VlasicIvan Provorov122550%0:00
2Ryan Nugent-Hopkins122450%0:00 Marc-Edouard VlasicMiro Heiskanen122450%0:00
4 vs 4 Forward
Line #CenterWingPHYDFOFWanted %Time %Time Play
1Leon DraisaitlRyan Nugent-Hopkins122550%0:00
2Dave HuntRyan Nugent-Hopkins122450%0:00
4 vs 4 Defense
Line #DefensePHYDFOFWanted %Time %Time Play
1Marc-Edouard VlasicIvan Provorov122550%0:00
2Marc-Edouard VlasicMiro Heiskanen122450%0:00
Last Minutes Offensive
Left WingCenterRight WingDefenseDefense
Ryan Nugent-HopkinsLeon DraisaitlDave HuntJake MuzzinIvan Provorov
Last Minutes Defensive
Left WingCenterRight WingDefenseDefense
Ryan Nugent-HopkinsLeon DraisaitlDave HuntJake MuzzinIvan Provorov
Time
Total ForwardTotal DefenseLast Minutes OffensiveLast Minutes Defensive
60:00 60:00 0:000:00
Extra Forwards
Normal PowerPlayPenalty Kill
Jesse Puljujarvi, Reilly Smith, Jordan EberleJesse Puljujarvi, Reilly SmithJordan Eberle
Extra Defensemen
Normal PowerPlayPenalty Kill
Vincent Desharnais, Ivan Provorov, Marc-Edouard VlasicVincent Desharnais, Ivan ProvorovMarc-Edouard Vlasic
Penalty Shots
Leon Draisaitl, Ryan Nugent-Hopkins, Dave Hunt, Reilly Smith, Jake DeBrusk
Goalie
Stuart Skinner, Cam Talbot
Custom OT Lines Forwards
Leon Draisaitl, Ryan Nugent-Hopkins, Dave Hunt, Jesse Puljujarvi, Jake DeBrusk, Max Domi, Reilly Smith, Jordan Eberle, Casey Cizikas, Frank Vatrano
Custom OT Lines Defensemen
Jake Muzzin, Ivan Provorov, Marc-Edouard Vlasic, Miro Heiskanen, Vincent Desharnais
Scratches
Josh Bailey (Healthy), Curtis Lazar (Healthy)

Phantoms

5 vs 5 Forward
Line #Left WingCenterRight WingPHYDFOFWanted %Time %Time Play
1Matthew TkachukBrayden PointJesper Bratt1223028%13:45
2Brady TkachukSebastian AhoKevin Hayes1222831%15:11
3Dominik KubalikJared McCannAndrew Mangiapane1222629%14:15
4Alexis LafreniereBrayden PointMatthew Tkachuk1221611%5:12
5 vs 5 Defense
Line #DefenseDefensePHYDFOFWanted %Time %Time Play
1Todd HarknessTravis Hamonic1223026%12:39
2Scott MayfieldDevon Toews1222832%15:16
3Brian DumoulinMichael Anderson1222629%14:16
4Ilya LyubushkinTodd Harkness1221613%6:12
Power Play Forward
Line #Left WingCenterRight WingPHYDFOFWanted %Time %Time Play
1Matthew TkachukBrady TkachukJesper Bratt1225558%3:26
2Brady TkachukSebastian AhoKevin Hayes1224542%2:31
Power Play Defense
Line #DefenseDefensePHYDFOFWanted %Time %Time Play
1Todd HarknessTravis Hamonic1225551%3:01
2Scott MayfieldDevon Toews1224549%2:56
Penalty Kill 4 Players Forward
Line #CenterWingPHYDFOFWanted %Time %Time Play
1Matthew TkachukJesper Bratt1225570%3:59
2Brady TkachukJesper Bratt1224530%1:41
Penalty Kill 4 Players Defense
Line #DefenseDefensePHYDFOFWanted %Time %Time Play
1Todd HarknessTravis Hamonic1225563%3:33
2Scott MayfieldDevon Toews1224537%2:07
Penalty Kill 3 Players
Line #WingPHYDFOFWanted %Time %Time PlayDefenseDefensePHYDFOFWanted %Time %Time Play
1Matthew Tkachuk122550%0:00 Todd HarknessTravis Hamonic122550%0:00
2Matthew Tkachuk122450%0:00 Scott MayfieldDevon Toews122450%0:00
4 vs 4 Forward
Line #CenterWingPHYDFOFWanted %Time %Time Play
1Matthew TkachukJesper Bratt122550%0:00
2Brady TkachukJesper Bratt122450%0:00
4 vs 4 Defense
Line #DefensePHYDFOFWanted %Time %Time Play
1Todd HarknessTravis Hamonic122550%0:00
2Scott MayfieldDevon Toews122450%0:00
Last Minutes Offensive
Left WingCenterRight WingDefenseDefense
Matthew TkachukBrayden PointJesper BrattTodd HarknessTravis Hamonic
Last Minutes Defensive
Left WingCenterRight WingDefenseDefense
Matthew TkachukBrayden PointJesper BrattTodd HarknessTravis Hamonic
Time
Total ForwardTotal DefenseLast Minutes OffensiveLast Minutes Defensive
60:00 60:00 0:000:00
Extra Forwards
Normal PowerPlayPenalty Kill
Jared McCann, Dominik Kubalik, Andrew MangiapaneJared McCann, Dominik KubalikAndrew Mangiapane
Extra Defensemen
Normal PowerPlayPenalty Kill
Brian Dumoulin, Todd Harkness, Ilya LyubushkinBrian Dumoulin, Todd HarknessIlya Lyubushkin
Penalty Shots
Matthew Tkachuk, Brayden Point, Brady Tkachuk, Jesper Bratt, Sebastian Aho
Goalie
Pheonix Copley, Samuel Montembeault
Custom OT Lines Forwards
Matthew Tkachuk, Brayden Point, Brady Tkachuk, Jesper Bratt, Sebastian Aho, Jared McCann, Kevin Hayes, Dominik Kubalik, Andrew Mangiapane, Alexis Lafreniere
Custom OT Lines Defensemen
Todd Harkness, Travis Hamonic, Scott Mayfield, Devon Toews, Brian Dumoulin
Scratches
Eetu Luostarinen (Healthy), Elvis Merzlikins (Healthy)


Play-by-Play

1st period


0:01 of 1st period - Leon Draisaitl wins face-off versus Brayden Point in neutral zone.
0:12 of 1st period - Shot by Matthew Tkachuk.
0:12 of 1st period - Stopped by Stuart Skinner without a rebound.
0:13 of 1st period - Sebastian Aho wins face-off versus Max Domi in Chiefs zone.
0:14 of 1st period - Shot by Kevin Hayes.
0:14 of 1st period - Stopped by Stuart Skinner without a rebound.
0:15 of 1st period - Jared McCann wins face-off versus Casey Cizikas in Chiefs zone.
0:19 of 1st period - Icing by Drew Doughty.
0:20 of 1st period - Casey Cizikas wins face-off versus Sebastian Aho in Chiefs zone.
1:18 of 1st period - Drew Doughty is hit by Andrew Mangiapane and loses puck.
1:33 of 1st period - Shot by Dominik Kubalik.
1:33 of 1st period - Stopped by Stuart Skinner without a rebound.
1:34 of 1st period - Matthew Tkachuk wins face-off versus Brad Marchand in Chiefs zone.
1:34 of 1st period - Matthew Tkachuk is hit by Marc-Edouard Vlasic.
1:35 of 1st period - Minor Penalty to Miro Heiskanen for Roughing.
1:36 of 1st period - Brady Tkachuk wins face-off versus Leon Draisaitl in Chiefs zone.
1:53 of 1st period - Ivan Provorov is hit by Brady Tkachuk and loses puck.
2:12 of 1st period - Shot by Brady Tkachuk.
2:12 of 1st period - Deflect By Jesper Bratt.
2:12 of 1st period - Shot Misses the Net.
2:14 of 1st period - Shot by Travis Hamonic.
2:14 of 1st period - Stopped by Stuart Skinner without a rebound.
2:15 of 1st period - Sebastian Aho wins face-off versus Leon Draisaitl in Chiefs zone.
2:22 of 1st period - Shot by Devon Toews.
2:22 of 1st period - Shot Misses the Net.
3:14 of 1st period - Shot by Todd Harkness.
3:14 of 1st period - Shot Misses the Net.
3:36 of 1st period - Matthew Tkachuk is hit by Jake DeBrusk and loses puck.
3:43 of 1st period - Max Domi is hit by Matthew Tkachuk and loses puck.
3:56 of 1st period - Shot by Brayden Point.
3:56 of 1st period - Stopped by Stuart Skinner without a rebound.
3:57 of 1st period - Jared McCann wins face-off versus Casey Cizikas in Chiefs zone.
3:57 of 1st period - Jared McCann is hit by Miro Heiskanen.
4:17 of 1st period - Shot by Dominik Kubalik.
4:17 of 1st period - Deflect By Jared McCann.
4:17 of 1st period - Shot Blocked by Miro Heiskanen.
4:52 of 1st period - Off-side.
4:53 of 1st period - Leon Draisaitl wins face-off versus Sebastian Aho in neutral zone.
5:35 of 1st period - Shot by Brady Tkachuk.
5:35 of 1st period - Stopped by Stuart Skinner without a rebound.
5:36 of 1st period - Brayden Point wins face-off versus Jake DeBrusk in Chiefs zone.
5:36 of 1st period - Matthew Tkachuk is hit by Vincent Desharnais and loses puck.
5:55 of 1st period - Shot by Jake DeBrusk.
5:55 of 1st period - Stopped by Pheonix Copley without a rebound.
5:56 of 1st period - Brayden Point wins face-off versus Casey Cizikas in Phantoms zone.
6:01 of 1st period - Marc-Edouard Vlasic is hit by Matthew Tkachuk.
6:32 of 1st period - Icing by Matthew Tkachuk.
6:33 of 1st period - Leon Draisaitl wins face-off versus Brayden Point in Phantoms zone.
7:37 of 1st period - Jesse Puljujarvi is hit by Brady Tkachuk and loses puck.
7:55 of 1st period - Icing by Vincent Desharnais.
7:56 of 1st period - Leon Draisaitl wins face-off versus Jared McCann in Chiefs zone.
8:44 of 1st period - Minor Penalty to Brady Tkachuk for Roughing.
8:45 of 1st period - Reilly Smith wins face-off versus Matthew Tkachuk in Phantoms zone.
9:00 of 1st period - Shot by Dave Hunt.
9:00 of 1st period - Stopped by Pheonix Copley without a rebound.
9:01 of 1st period - Leon Draisaitl wins face-off versus Jared McCann in Phantoms zone.
9:08 of 1st period - Shot by Dave Hunt.
9:08 of 1st period - Stopped by Pheonix Copley with a rebound.
9:10 of 1st period - Shot by Ryan Nugent-Hopkins.
9:10 of 1st period - Deflect By Leon Draisaitl.
9:10 of 1st period - Shot Misses the Net.
9:49 of 1st period - Shot by Reilly Smith.
9:49 of 1st period - Stopped by Pheonix Copley with a rebound.
10:05 of 1st period - Shot by Max Domi.
10:05 of 1st period - Shot Misses the Net.
10:07 of 1st period - Shot by Ivan Provorov.
10:07 of 1st period - Shot Misses the Net.
10:31 of 1st period - Shot by Dave Hunt.
10:31 of 1st period - Stopped by Pheonix Copley without a rebound.
10:32 of 1st period - Leon Draisaitl wins face-off versus Jared McCann in Phantoms zone.
10:59 of 1st period - Shot by Sebastian Aho.
10:59 of 1st period - Stopped by Stuart Skinner without a rebound.
11:00 of 1st period - Sebastian Aho wins face-off versus Max Domi in Chiefs zone.
11:00 of 1st period - Kevin Hayes is hit by Miro Heiskanen and loses puck.
11:03 of 1st period - Shot by Brady Tkachuk.
11:03 of 1st period - Stopped by Stuart Skinner without a rebound.
11:04 of 1st period - Max Domi wins face-off versus Sebastian Aho in Chiefs zone.
11:04 of 1st period - Max Domi is hit by Brady Tkachuk.
11:40 of 1st period - Jake DeBrusk is hit by Michael Anderson and loses puck.
12:21 of 1st period - Shot by Ryan Nugent-Hopkins.
12:21 of 1st period - Shot Blocked by Devon Toews.
12:29 of 1st period - Shot by Ryan Nugent-Hopkins.
12:29 of 1st period - Stopped by Pheonix Copley without a rebound.
12:30 of 1st period - Casey Cizikas wins face-off versus Jared McCann in Phantoms zone.
12:34 of 1st period - Icing by Travis Hamonic.
12:35 of 1st period - Ryan Nugent-Hopkins wins face-off versus Jared McCann in Phantoms zone.
12:48 of 1st period - Jared McCann is hit by Jake Muzzin and loses puck.
14:24 of 1st period - Off-side.
14:25 of 1st period - Jake DeBrusk wins face-off versus Sebastian Aho in neutral zone.
14:34 of 1st period - Shot by Brad Marchand.
14:34 of 1st period - Stopped by Pheonix Copley with a rebound.
14:36 of 1st period - Shot by Max Domi.
14:36 of 1st period - Stopped by Pheonix Copley without a rebound.
14:37 of 1st period - Jared McCann wins face-off versus Leon Draisaitl in Phantoms zone.
14:56 of 1st period - Shot by Jordan Eberle.
14:56 of 1st period - Stopped by Pheonix Copley without a rebound.
14:57 of 1st period - Sebastian Aho wins face-off versus Max Domi in Phantoms zone.
15:13 of 1st period - Kevin Hayes is hit by Jake DeBrusk.
15:33 of 1st period - Shot by Brad Marchand.
15:33 of 1st period - Shot Misses the Net.
15:35 of 1st period - Shot by Jake DeBrusk.
15:35 of 1st period - Stopped by Pheonix Copley without a rebound.
15:36 of 1st period - Brayden Point wins face-off versus Leon Draisaitl in Phantoms zone.
15:36 of 1st period - Brayden Point is hit by Dave Hunt.
15:44 of 1st period - Shot by Brayden Point.
15:44 of 1st period - Stopped by Stuart Skinner without a rebound.
15:45 of 1st period - Brayden Point wins face-off versus Leon Draisaitl in Chiefs zone.
16:15 of 1st period - Off-side.
16:16 of 1st period - Max Domi wins face-off versus Jared McCann in neutral zone.
16:18 of 1st period - Brad Marchand is hit by Jared McCann and loses puck.
17:46 of 1st period - Ryan Nugent-Hopkins is hit by Todd Harkness and loses puck.
17:49 of 1st period - Shot by Ryan Nugent-Hopkins.
17:49 of 1st period - Shot Hit the Post.
18:28 of 1st period - Shot by Sebastian Aho.
18:28 of 1st period - Shot Blocked by Vincent Desharnais.
18:30 of 1st period - Shot by Sebastian Aho.
18:30 of 1st period - Shot Hit the Post.
18:32 of 1st period - Shot by Sebastian Aho.
18:32 of 1st period - Deflect By Brady Tkachuk.
18:32 of 1st period - Shot Blocked by Casey Cizikas.
18:34 of 1st period - Shot by Brady Tkachuk.
18:34 of 1st period - Stopped by Stuart Skinner without a rebound.
18:35 of 1st period - Leon Draisaitl wins face-off versus Jared McCann in Chiefs zone.
18:42 of 1st period - Shot by Leon Draisaitl.
18:42 of 1st period - Stopped by Pheonix Copley with a rebound.
18:44 of 1st period - Shot by Marc-Edouard Vlasic.
18:44 of 1st period - Stopped by Pheonix Copley without a rebound.
18:45 of 1st period - Sebastian Aho wins face-off versus Jake DeBrusk in Phantoms zone.
18:49 of 1st period - Kevin Hayes is hit by Jake Muzzin and loses puck.
19:10 of 1st period - Shot by Sebastian Aho.
19:10 of 1st period - Shot Blocked by Jake Muzzin.
19:39 of 1st period - Casey Cizikas is hit by Scott Mayfield and loses puck.
19:49 of 1st period - Andrew Mangiapane is hit by Drew Doughty and loses puck.
Goals for this period are 0 for Chiefs vs 0 for Phantoms.
Shots for this period are 12 for Chiefs vs 10 for Phantoms.

2nd period


0:01 of 2nd period - Leon Draisaitl wins face-off versus Brayden Point in neutral zone.
0:24 of 2nd period - Shot by Jesper Bratt.
0:24 of 2nd period - Stopped by Stuart Skinner with a rebound.
1:01 of 2nd period - Shot by Casey Cizikas.
1:01 of 2nd period - Shot Blocked by Todd Harkness.
1:16 of 2nd period - Shot by Frank Vatrano.
1:16 of 2nd period - Shot Misses the Net.
1:19 of 2nd period - Minor Penalty to Reilly Smith for Hooking.
1:20 of 2nd period - Leon Draisaitl wins face-off versus Sebastian Aho in Chiefs zone.
1:35 of 2nd period - Shot by Scott Mayfield.
1:35 of 2nd period - Shot Blocked by Miro Heiskanen.
3:18 of 2nd period - Shot by Brady Tkachuk.
3:18 of 2nd period - Shot Misses the Net.
3:20 of 2nd period - Shot by Andrew Mangiapane.
3:20 of 2nd period - Stopped by Stuart Skinner without a rebound.
3:21 of 2nd period - Max Domi wins face-off versus Jared McCann in Chiefs zone.
3:34 of 2nd period - Brian Dumoulin is hit by Jake DeBrusk and loses puck.
4:55 of 2nd period - Off-side.
4:56 of 2nd period - Leon Draisaitl wins face-off versus Brayden Point in neutral zone.
5:14 of 2nd period - Shot by Brayden Point.
5:14 of 2nd period - Deflect By Matthew Tkachuk.
5:14 of 2nd period - Shot Misses the Net.
5:28 of 2nd period - Shot by Matthew Tkachuk.
5:28 of 2nd period - Stopped by Stuart Skinner without a rebound.
5:29 of 2nd period - Sebastian Aho wins face-off versus Max Domi in Chiefs zone.
5:36 of 2nd period - Shot by Sebastian Aho.
5:36 of 2nd period - Shot Misses the Net.
5:39 of 2nd period - Icing by Vincent Desharnais.
5:40 of 2nd period - Max Domi wins face-off versus Sebastian Aho in Chiefs zone.
5:40 of 2nd period - Max Domi is hit by Brady Tkachuk.
6:36 of 2nd period - Shot by Brayden Point.
6:36 of 2nd period - Shot Misses the Net.
6:38 of 2nd period - Shot by Brayden Point.
6:38 of 2nd period - Shot Misses the Net.
6:40 of 2nd period - Shot by Scott Mayfield.
6:40 of 2nd period - Shot Misses the Net.
6:42 of 2nd period - Shot by Matthew Tkachuk.
6:42 of 2nd period - Shot Blocked by Ivan Provorov.
6:48 of 2nd period - Shot by Matthew Tkachuk.
6:48 of 2nd period - Stopped by Stuart Skinner without a rebound.
6:49 of 2nd period - Leon Draisaitl wins face-off versus Brayden Point in Chiefs zone.
6:49 of 2nd period - Leon Draisaitl is hit by Matthew Tkachuk.
6:59 of 2nd period - Shot by Leon Draisaitl.
6:59 of 2nd period - Shot Blocked by Scott Mayfield.
7:23 of 2nd period - Shot by Brayden Point.
7:23 of 2nd period - Shot Misses the Net.
7:25 of 2nd period - Shot by Scott Mayfield.
7:25 of 2nd period - Shot Misses the Net.
7:35 of 2nd period - Miro Heiskanen is hit by Andrew Mangiapane and loses puck.
7:42 of 2nd period - Shot by Jared McCann.
7:42 of 2nd period - Shot Blocked by Miro Heiskanen.
7:44 of 2nd period - Shot by Michael Anderson.
7:44 of 2nd period - Stopped by Stuart Skinner without a rebound.
7:45 of 2nd period - Casey Cizikas wins face-off versus Sebastian Aho in Chiefs zone.
7:45 of 2nd period - Casey Cizikas is hit by Brady Tkachuk.
8:18 of 2nd period - Shot by Brady Tkachuk.
8:18 of 2nd period - Stopped by Stuart Skinner without a rebound.
8:19 of 2nd period - Jared McCann wins face-off versus Brad Marchand in Chiefs zone.
8:22 of 2nd period - Shot by Dominik Kubalik.
8:22 of 2nd period - Stopped by Stuart Skinner without a rebound.
8:23 of 2nd period - Max Domi wins face-off versus Alexis Lafreniere in Chiefs zone.
8:31 of 2nd period - Icing by Devon Toews.
8:32 of 2nd period - Leon Draisaitl wins face-off versus Brayden Point in Phantoms zone.
8:39 of 2nd period - Dave Hunt is hit by Alexis Lafreniere and loses puck.
9:49 of 2nd period - Shot by Sebastian Aho.
9:49 of 2nd period - Shot Misses the Net.
9:51 of 2nd period - Shot by Travis Hamonic.
9:51 of 2nd period - Shot Misses the Net.
10:09 of 2nd period - Shot by Kevin Hayes.
10:09 of 2nd period - Shot Misses the Net.
10:11 of 2nd period - Shot by Travis Hamonic.
10:11 of 2nd period - Stopped by Stuart Skinner without a rebound.
10:12 of 2nd period - Jared McCann wins face-off versus Frank Vatrano in Chiefs zone.
10:21 of 2nd period - Shot by Michael Anderson.
10:21 of 2nd period - Shot Blocked by Ivan Provorov.
10:46 of 2nd period - Casey Cizikas is hit by Brian Dumoulin and loses puck.
11:05 of 2nd period - Shot by Leon Draisaitl.
11:05 of 2nd period - Stopped by Pheonix Copley with a rebound.
11:11 of 2nd period - Shot by Jordan Eberle.
11:11 of 2nd period - Shot Misses the Net.
11:36 of 2nd period - Shot by Brayden Point.
11:36 of 2nd period - Stopped by Stuart Skinner without a rebound.
11:37 of 2nd period - Sebastian Aho wins face-off versus Max Domi in Chiefs zone.
11:58 of 2nd period - Shot by Sebastian Aho.
11:58 of 2nd period - Shot Misses the Net.
12:00 of 2nd period - Shot by Sebastian Aho.
12:00 of 2nd period - Shot Misses the Net.
12:04 of 2nd period - Shot by Kevin Hayes.
12:04 of 2nd period - Shot Hit the Post.
12:15 of 2nd period - Icing by Max Domi.
12:16 of 2nd period - Max Domi wins face-off versus Brayden Point in Chiefs zone.
12:34 of 2nd period - Off-side.
12:35 of 2nd period - Leon Draisaitl wins face-off versus Brayden Point in neutral zone.
12:53 of 2nd period - Ryan Nugent-Hopkins is hit by Ilya Lyubushkin and loses puck.
13:29 of 2nd period - Icing by Ivan Provorov.
13:30 of 2nd period - Dave Hunt wins face-off versus Jared McCann in Chiefs zone.
14:05 of 2nd period - Scott Mayfield is hit by Frank Vatrano and loses puck.
14:40 of 2nd period - Shot by Brad Marchand.
14:40 of 2nd period - Deflect By Max Domi.
14:40 of 2nd period - Shot Misses the Net.
15:10 of 2nd period - Icing by Drew Doughty.
15:11 of 2nd period - Max Domi wins face-off versus Brayden Point in Chiefs zone.
15:11 of 2nd period - Max Domi is hit by Matthew Tkachuk.
15:29 of 2nd period - Shot by Brayden Point.
15:29 of 2nd period - Stopped by Stuart Skinner without a rebound.
15:30 of 2nd period - Leon Draisaitl wins face-off versus Sebastian Aho in Chiefs zone.
16:00 of 2nd period - Minor Penalty to Jake Muzzin for Tripping.
16:01 of 2nd period - Brady Tkachuk wins face-off versus Leon Draisaitl in Chiefs zone.
17:22 of 2nd period - Ivan Provorov is hit by Matthew Tkachuk.
18:10 of 2nd period - Shot by Brayden Point.
18:10 of 2nd period - Shot Misses the Net.
18:28 of 2nd period - Shot by Dominik Kubalik.
18:28 of 2nd period - Stopped by Stuart Skinner with a rebound.
18:45 of 2nd period - Off-side.
18:46 of 2nd period - Sebastian Aho wins face-off versus Max Domi in neutral zone.
18:53 of 2nd period - Shot by Sebastian Aho.
18:53 of 2nd period - Stopped by Stuart Skinner with a rebound.
18:55 of 2nd period - Shot by Devon Toews.
18:55 of 2nd period - Shot Blocked by Ivan Provorov.
19:03 of 2nd period - Shot by Brady Tkachuk.
19:03 of 2nd period - Shot Misses the Net.
19:05 of 2nd period - Shot by Devon Toews.
19:05 of 2nd period - Shot Misses the Net.
19:07 of 2nd period - Shot by Brady Tkachuk.
19:07 of 2nd period - Stopped by Stuart Skinner without a rebound.
19:08 of 2nd period - Brayden Point wins face-off versus Leon Draisaitl in Chiefs zone.
19:08 of 2nd period - Todd Harkness is hit by Miro Heiskanen and loses puck.
19:15 of 2nd period - Shot by Brayden Point.
19:15 of 2nd period - Stopped by Stuart Skinner with a rebound.
19:35 of 2nd period - Shot by Brayden Point.
19:35 of 2nd period - Stopped by Stuart Skinner without a rebound.
19:36 of 2nd period - Max Domi wins face-off versus Jared McCann in Chiefs zone.
19:38 of 2nd period - Jake DeBrusk is hit by Andrew Mangiapane and loses puck.
19:42 of 2nd period - Off-side.
19:43 of 2nd period - Dominik Kubalik wins face-off versus Casey Cizikas in neutral zone.
Goals for this period are 0 for Chiefs vs 0 for Phantoms.
Shots for this period are 1 for Chiefs vs 15 for Phantoms.

3rd period


0:01 of 3rd period - Brayden Point wins face-off versus Dave Hunt in neutral zone.
0:11 of 3rd period - Minor Penalty to Travis Hamonic for Roughing.
0:12 of 3rd period - Matthew Tkachuk wins face-off versus Max Domi in Phantoms zone.
0:18 of 3rd period - Icing by Marc-Edouard Vlasic.
0:19 of 3rd period - Max Domi wins face-off versus Matthew Tkachuk in Chiefs zone.
1:42 of 3rd period - Todd Harkness is hit by Ryan Nugent-Hopkins and loses puck.
2:08 of 3rd period - Shot by Leon Draisaitl.
2:08 of 3rd period - Stopped by Pheonix Copley without a rebound.
2:09 of 3rd period - Leon Draisaitl wins face-off versus Brady Tkachuk in Phantoms zone.
2:10 of 3rd period - Shot by Miro Heiskanen.
2:10 of 3rd period - Stopped by Pheonix Copley with a rebound.
2:26 of 3rd period - Shot by Brady Tkachuk.
2:26 of 3rd period - Deflect By Sebastian Aho.
2:26 of 3rd period - Stopped by Stuart Skinner without a rebound.
2:27 of 3rd period - Jared McCann wins face-off versus Casey Cizikas in Chiefs zone.
2:28 of 3rd period - Shot by Dominik Kubalik.
2:28 of 3rd period - Deflect By Jared McCann.
2:28 of 3rd period - Shot Blocked by Vincent Desharnais.
2:30 of 3rd period - Shot by Andrew Mangiapane.
2:30 of 3rd period - Shot Misses the Net.
2:32 of 3rd period - Shot by Jared McCann.
2:32 of 3rd period - Shot Hit the Post.
2:38 of 3rd period - Shot by Dominik Kubalik.
2:38 of 3rd period - Stopped by Stuart Skinner with a rebound.
2:40 of 3rd period - Shot by Jared McCann.
2:40 of 3rd period - Shot Misses the Net.
2:42 of 3rd period - Shot by Brian Dumoulin.
2:42 of 3rd period - Deflect By Jared McCann.
2:42 of 3rd period - Shot Misses the Net.
2:44 of 3rd period - Shot by Jared McCann.
2:44 of 3rd period - Shot Misses the Net.
3:40 of 3rd period - Shot by Sebastian Aho.
3:40 of 3rd period - Stopped by Stuart Skinner with a rebound.
3:42 of 3rd period - Shot by Scott Mayfield.
3:42 of 3rd period - Stopped by Stuart Skinner without a rebound.
3:43 of 3rd period - Max Domi wins face-off versus Brayden Point in Chiefs zone.
3:43 of 3rd period - Brad Marchand is hit by Jesper Bratt and loses puck.
3:51 of 3rd period - Ivan Provorov is hit by Matthew Tkachuk and loses puck.
4:10 of 3rd period - Shot by Jake DeBrusk.
4:10 of 3rd period - Stopped by Pheonix Copley with a rebound.
4:35 of 3rd period - Icing by Jesper Bratt.
4:36 of 3rd period - Leon Draisaitl wins face-off versus Brayden Point in Phantoms zone.
4:36 of 3rd period - Leon Draisaitl is hit by Todd Harkness.
4:46 of 3rd period - Shot by Leon Draisaitl.
4:46 of 3rd period - Goal by Leon Draisaitl - Chiefs : 1 - Phantoms : 0.
4:47 of 3rd period - Sebastian Aho wins face-off versus Leon Draisaitl in neutral zone.
5:15 of 3rd period - Shot by Leon Draisaitl.
5:15 of 3rd period - Shot Misses the Net.
5:17 of 3rd period - Shot by Vincent Desharnais.
5:17 of 3rd period - Stopped by Pheonix Copley without a rebound.
5:18 of 3rd period - Max Domi wins face-off versus Jared McCann in Phantoms zone.
5:59 of 3rd period - Shot by Andrew Mangiapane.
5:59 of 3rd period - Shot Misses the Net.
6:23 of 3rd period - Shot by Ryan Nugent-Hopkins.
6:23 of 3rd period - Shot Misses the Net.
7:30 of 3rd period - Off-side.
7:31 of 3rd period - Casey Cizikas wins face-off versus Jared McCann in neutral zone.
7:50 of 3rd period - Shot by Jared McCann.
7:50 of 3rd period - Deflect By Andrew Mangiapane.
7:50 of 3rd period - Stopped by Stuart Skinner with a rebound.
7:52 of 3rd period - Shot by Dominik Kubalik.
7:52 of 3rd period - Shot Misses the Net.
7:54 of 3rd period - Shot by Andrew Mangiapane.
7:54 of 3rd period - Shot Blocked by Casey Cizikas.
8:08 of 3rd period - Shot by Dominik Kubalik.
8:08 of 3rd period - Deflect By Jared McCann.
8:08 of 3rd period - Shot Misses the Net.
8:10 of 3rd period - Shot by Scott Mayfield.
8:10 of 3rd period - Shot Misses the Net.
8:30 of 3rd period - Shot by Brayden Point.
8:30 of 3rd period - Deflect By Matthew Tkachuk.
8:30 of 3rd period - Shot Misses the Net.
8:32 of 3rd period - Shot by Todd Harkness.
8:32 of 3rd period - Shot Misses the Net.
8:34 of 3rd period - Shot by Brayden Point.
8:34 of 3rd period - Stopped by Stuart Skinner with a rebound.
8:36 of 3rd period - Shot by Todd Harkness.
8:36 of 3rd period - Stopped by Stuart Skinner without a rebound.
8:37 of 3rd period - Max Domi wins face-off versus Sebastian Aho in Chiefs zone.
9:10 of 3rd period - Shot by Max Domi.
9:10 of 3rd period - Stopped by Pheonix Copley without a rebound.
9:11 of 3rd period - Brayden Point wins face-off versus Leon Draisaitl in Phantoms zone.
10:09 of 3rd period - Off-side.
10:10 of 3rd period - Sebastian Aho wins face-off versus Leon Draisaitl in neutral zone.
10:19 of 3rd period - Shot by Sebastian Aho.
10:19 of 3rd period - Shot Misses the Net.
10:53 of 3rd period - Devon Toews is hit by Jesse Puljujarvi and loses puck.
11:16 of 3rd period - Icing by Michael Anderson.
11:17 of 3rd period - Max Domi wins face-off versus Jared McCann in Phantoms zone.
11:28 of 3rd period - Shot by Brad Marchand.
11:28 of 3rd period - Stopped by Pheonix Copley without a rebound.
11:29 of 3rd period - Brayden Point wins face-off versus Casey Cizikas in Phantoms zone.
11:45 of 3rd period - Shot by Brayden Point.
11:45 of 3rd period - Shot Blocked by Frank Vatrano.
11:59 of 3rd period - Shot by Matthew Tkachuk.
11:59 of 3rd period - Stopped by Stuart Skinner without a rebound.
12:00 of 3rd period - Max Domi wins face-off versus Jared McCann in Chiefs zone.
12:00 of 3rd period - Max Domi is hit by Jared McCann.
12:01 of 3rd period - Max Domi from Chiefs is injured at 12:01 of 3rd period (Sprained Right Knee).
12:02 of 3rd period - Jared McCann wins face-off versus Jesse Puljujarvi in Chiefs zone.
12:03 of 3rd period - Shot by Dominik Kubalik.
12:03 of 3rd period - Shot Misses the Net.
12:18 of 3rd period - Off-side.
12:19 of 3rd period - Leon Draisaitl wins face-off versus Brayden Point in neutral zone.
12:29 of 3rd period - Shot by Brayden Point.
12:29 of 3rd period - Stopped by Stuart Skinner without a rebound.
12:30 of 3rd period - Sebastian Aho wins face-off versus Jesse Puljujarvi in Chiefs zone.
12:37 of 3rd period - Shot by Sebastian Aho.
12:37 of 3rd period - Stopped by Stuart Skinner without a rebound.
12:38 of 3rd period - Brayden Point wins face-off versus Leon Draisaitl in Chiefs zone.
12:59 of 3rd period - Shot by Leon Draisaitl.
12:59 of 3rd period - Goal by Leon Draisaitl - Chiefs : 2 - Phantoms : 0.
13:00 of 3rd period - Sebastian Aho wins face-off versus Jesse Puljujarvi in neutral zone.
14:01 of 3rd period - Icing by Vincent Desharnais.
14:02 of 3rd period - Jared McCann wins face-off versus Jesse Puljujarvi in Chiefs zone.
14:13 of 3rd period - Shot by Jared McCann.
14:13 of 3rd period - Stopped by Stuart Skinner without a rebound.
14:14 of 3rd period - Brayden Point wins face-off versus Leon Draisaitl in Chiefs zone.
14:17 of 3rd period - Shot by Matthew Tkachuk.
14:17 of 3rd period - Stopped by Stuart Skinner without a rebound.
14:18 of 3rd period - Brayden Point wins face-off versus Leon Draisaitl in Chiefs zone.
14:19 of 3rd period - Shot by Matthew Tkachuk.
14:19 of 3rd period - Deflect By Brayden Point.
14:19 of 3rd period - Stopped by Stuart Skinner without a rebound.
14:20 of 3rd period - Brayden Point wins face-off versus Leon Draisaitl in Chiefs zone.
14:51 of 3rd period - Shot by Leon Draisaitl.
14:51 of 3rd period - Shot Misses the Net.
14:53 of 3rd period - Shot by Ryan Nugent-Hopkins.
14:53 of 3rd period - Deflect By Leon Draisaitl.
14:53 of 3rd period - Shot Misses the Net.
15:03 of 3rd period - Shot by Leon Draisaitl.
15:03 of 3rd period - Stopped by Pheonix Copley with a rebound.
16:07 of 3rd period - Shot by Jake DeBrusk.
16:07 of 3rd period - Shot Misses the Net.
16:09 of 3rd period - Shot by Jake DeBrusk.
16:09 of 3rd period - Stopped by Pheonix Copley without a rebound.
16:10 of 3rd period - Jared McCann wins face-off versus Jordan Eberle in Phantoms zone.
16:15 of 3rd period - Miro Heiskanen is hit by Jared McCann and loses puck.
17:13 of 3rd period - Icing by Drew Doughty.
17:14 of 3rd period - Leon Draisaitl wins face-off versus Sebastian Aho in Chiefs zone.
17:14 of 3rd period - Leon Draisaitl is hit by Brady Tkachuk.
17:22 of 3rd period - Shot by Dave Hunt.
17:22 of 3rd period - Stopped by Pheonix Copley with a rebound.
18:17 of 3rd period - Minor Penalty to Ilya Lyubushkin for Hooking.
18:18 of 3rd period - Matthew Tkachuk wins face-off versus Jesse Puljujarvi in Phantoms zone.
18:18 of 3rd period - Matthew Tkachuk is hit by Jake DeBrusk.
18:36 of 3rd period - Scott Mayfield is hit by Jesse Puljujarvi and loses puck.
19:09 of 3rd period - Shot by Ryan Nugent-Hopkins.
19:09 of 3rd period - Shot Misses the Net.
19:11 of 3rd period - Shot by Miro Heiskanen.
19:11 of 3rd period - Shot Misses the Net.
19:15 of 3rd period - Shot by Dave Hunt.
19:15 of 3rd period - Stopped by Pheonix Copley without a rebound.
19:16 of 3rd period - Jesse Puljujarvi wins face-off versus Jesper Bratt in Phantoms zone.
19:17 of 3rd period - Shot by Reilly Smith.
19:17 of 3rd period - Stopped by Pheonix Copley without a rebound.
19:18 of 3rd period - Jesse Puljujarvi wins face-off versus Brady Tkachuk in Phantoms zone.
19:19 of 3rd period - Shot by Leon Draisaitl.
19:19 of 3rd period - Stopped by Pheonix Copley with a rebound.
19:21 of 3rd period - Shot by Ivan Provorov.
19:21 of 3rd period - Shot Misses the Net.
Goals for this period are 2 for Chiefs vs 0 for Phantoms.
Shots for this period are 14 for Chiefs vs 13 for Phantoms.